[Event "Titled Tuesday Blitz April 25 Late 2023"]
[White "Melkumyan, Hrant"]
[Black "Prohaszka, Peter"]
[WhiteFideId "13302485"]
[BlackFideId "726265"]
[WhiteElo "2604"]
[BlackElo "2626"]
[Result "1-0"]
[Round "06"]
[TimeControl "180+2"]
[Date "2023.04.25"]
[WhiteClock "0:01:32"]
[BlackClock "0:00:02"]

1. d4 d5 2. c4 e6 3. Nc3 a6 4. cxd5 exd5 5. Nf3 Nf6 6. Bg5 Be6 7. Qb3 Nbd7 8. e3 Qc8 9. Rc1 c6 10. Bd3 Bd6 11. Bf4 Qc7 12. Ne2 Rb8 13. h3 O-O 14. O-O Nh5 15. Bxd6 Qxd6 16. a3 h6 17. Qb4 Qc7 18. Qd2 Rbe8 19. b4 f5 20. Nf4 Bf7 21. Bxf5 Nxf4 22. exf4 Bh5 23. Bxd7 Qxd7 24. Ne5 Qe7 25. Rc3 Qh4 26. g4 Bf7 27. Re1 Qf6 28. f5 Qd6 29. Rce3 Rd8 30. Kg2 Be8 31. f4 a5 32. Nd3 axb4 33. axb4 Qf6 34. Re5 Ra8 35. Nc5 b6 36. Ne6 Rf7 37. Nxg7 Kxg7 38. Rxe8 Rfa7 39. Rxa8 Rxa8 40. Re6 Qf7 41. Qe2 Ra7 42. f6+ Kf8 43. Qe5 Qd7 44. Re7 Ra2+ 45. Kg3 Qd8 46. Qe6 Ra3+ 47. Kh4 1-0


[Site "https://www.chess.com"]

[Event "Titled Tuesday Blitz April 25 Late 2023"]
[White "Makaraci, Tunahan"]
[Black "Chigaev, Maksim"]
[WhiteFideId "6356559"]
[BlackFideId "4108116"]
[WhiteElo "2160"]
[BlackElo "2547"]
[Result "1-0"]
[Round "06"]
[TimeControl "180+2"]
[Date "2023.04.25"]
[WhiteClock "0:01:11"]
[BlackClock "0:00:29"]

1. e4 c5 2. c3 d5 3. exd5 Nf6 4. d4 Nxd5 5. Nf3 cxd4 6. cxd4 Nc6 7. Nc3 g6 8. Bc4 Nb6 9. Bb3 Bg7 10. d5 Na5 11. O-O O-O 12. Re1 Nxb3 13. axb3 e6 14. d6 Bd7 15. Bf4 f6 16. h4 a6 17. Qd2 e5 18. Be3 Be6 19. Bxb6 Qxb6 20. Nd5 Bxd5 21. Qxd5+ Kh8 22. d7 Rad8 23. Red1 h5 24. Ra4 Kh7 25. g4 hxg4 26. Rxg4 Qc6 27. Qxc6 b6 1-0


[Site "https://www.chess.com"]

[Event "Titled Tuesday Blitz April 25 Late 2023"]
[White "Kuzubov, Yuriy"]
[Black "Averjanov, Alexey"]
[WhiteFideId "14112906"]
[BlackFideId "14109867"]
[WhiteElo "2496"]
[BlackElo "2399"]
[Result "1-0"]
[Round "06"]
[TimeControl "180+2"]
[Date "2023.04.25"]
[WhiteClock "0:00:10"]
[BlackClock "0:00:18"]

1. d4 d5 2. c4 dxc4 3. e4 Nf6 4. e5 Nd5 5. Bxc4 Nb6 6. Bd3 Nc6 7. Ne2 Nb4 8. Be4 N4d5 9. O-O Be6 10. f4 f5 11. Bf3 Qd7 12. a4 a5 13. Qe1 c6 14. Kh1 Nb4 15. Qd1 Bd5 16. Nd2 e6 17. Nb3 Bxf3 18. gxf3 N6d5 19. Bd2 Be7 20. Rg1 O-O 21. Be1 Kh8 22. Bf2 Rg8 23. Qd2 b6 24. Rac1 g6 25. Nc3 Rg7 26. Rcd1 Rag8 27. Nc1 h6 28. h4 g5 29. fxg5 hxg5 30. N1e2 Qe8 31. Kg2 gxh4+ 32. Kh2 Qh5 33. Nxd5 Nxd5 34. Qd3 Bg5 35. Nc3 Bf4+ 36. Kh1 h3 37. Rxg7 Rxg7 38. Rg1 Rxg1+ 39. Bxg1 h2 40. Bf2 Qh3 41. Nxd5 cxd5 42. Qe2 Kh7 43. Be1 Kg6 44. Bc3 Qg3 45. Qg2 Kh5 46. Qxg3 Bxg3 47. Kg2 Kh4 48. Bd2 Bf2 49. Bc3 Bg1 50. b3 Kg5 51. Bd2+ Kh5 52. Bc3 Kh4 53. Be1+ Kh5 54. Bc3 Kh4 55. Be1+ Kg5 56. Bd2+ f4 57. Bc3 Kh4 58. Be1+ Kg5 59. Bc3 Kh5 60. Bb2 Kh4 61. Bc3 Bf2 62. Kxh2 Be3 63. Kg2 Bc1 64. Be1+ Kh5 65. Bc3 Be3 66. Kh3 Bf2 67. Kg2 Be3 68. Bb2 Kh4 69. Bc3 Bc1 70. Be1+ Kh5 71. Bf2 Bb2 72. Bg1 Kh4 73. Bf2+ Kh5 74. Kf1 Kg6 75. Ke2 Kf5 76. Kd3 Bc1 77. Bh4 Ba3 78. Bd8 Bb4 79. Bxb6 Kg6 80. Bc5 Be1 81. Kc2 Kf7 82. b4 axb4 83. Kb3 Kg6 84. a5 Kh5 85. a6 Kh4 86. a7 Kg3 87. a8=Q Kxf3 88. Qe8 Ke4 89. Qxe6 f3 90. Qg4+ Ke3 91. e6 f2 92. Qh3+ Ke2 93. e7 Bd2 94. e8=Q+ Kd1 95. Qf1+ Be1 96. Qee2+ Kc1 97. Qc2# 1-0


[Site "https://www.chess.com"]

[Event "Titled Tuesday Blitz April 25 Late 2023"]
[White "Tari, Aryan"]
[Black "Spata, German"]
[WhiteFideId "1510045"]
[BlackFideId "113026"]
[WhiteElo "2561"]
[BlackElo "2238"]
[Result "1-0"]
[Round "06"]
[TimeControl "180+2"]
[Date "2023.04.25"]
[WhiteClock "0:01:30"]
[BlackClock "0:01:03"]

1. e4 c5 2. Nc3 e6 3. d4 cxd4 4. Qxd4 Nc6 5. Qd3 Nf6 6. Bf4 Bb4 7. Ne2 d5 8. exd5 Nxd5 9. Bd2 Nxc3 10. Qxd8+ Nxd8 11. Nxc3 Bd7 12. O-O-O Bc6 13. h4 f6 14. h5 Nf7 15. Bc4 e5 16. Nd5 Bxd2+ 17. Rxd2 Bxd5 18. Bxd5 Nd6 19. Rh3 O-O-O 20. Rg3 Ne8 21. Be6+ 1-0


[Site "https://www.chess.com"]

[Event "Titled Tuesday Blitz April 25 Late 2023"]
[White "Ezat, Mohamed"]
[Black "Fressinet, Laurent"]
[WhiteFideId "10600906"]
[BlackFideId "608742"]
[WhiteElo "2386"]
[BlackElo "2633"]
[Result "0-1"]
[Round "06"]
[TimeControl "180+2"]
[Date "2023.04.25"]
[WhiteClock "0:00:53"]
[BlackClock "0:00:56"]

1. d4 Nf6 2. c4 e6 3. Nc3 Bb4 4. e3 b6 5. a3 Bxc3+ 6. bxc3 Nc6 7. Bd3 Ba6 8. e4 Na5 9. Qe2 d6 10. f4 O-O 11. Nf3 d5 12. cxd5 Bxd3 13. Qxd3 exd5 14. e5 Ne4 15. O-O f5 16. exf6 gxf6 17. f5 Kh8 18. Bf4 Qd7 19. Rae1 Rae8 20. Re2 Nc4 21. a4 Qxf5 22. Bxc7 Ng3 23. Qxf5 Nxf5 24. Rfe1 Rxe2 25. Rxe2 Rc8 26. Bf4 h5 27. h3 h4 28. Ne1 Kg7 29. Nd3 a5 30. Kf2 Kf7 31. Kf3 Ncd6 32. Bxd6 Nxd6 33. Rc2 Ne4 34. c4 Rxc4 35. Rb2 Rxd4 36. Nf4 Ng5+ 37. Ke3 Re4+ 38. Kd3 Rxf4 0-1


[Site "https://www.chess.com"]

[Event "Titled Tuesday Blitz April 25 Late 2023"]
[White "Shivakumar, Shawnak"]
[Black "Narayanan, Srinath"]
[WhiteFideId "30940192"]
[BlackFideId "5018420"]
[WhiteElo "2089"]
[BlackElo "2438"]
[Result "1-0"]
[Round "06"]
[TimeControl "180+2"]
[Date "2023.04.25"]
[WhiteClock "0:02:09"]
[BlackClock "0:02:08"]

1. e4 c6 2. f4 d5 3. d3 dxe4 4. dxe4 Qxd1+ 5. Kxd1 Nf6 6. e5 Nd5 7. Nf3 Bf5 8. Nd4 Bg4+ 9. Be2 Bxe2+ 10. Kxe2 e6 11. c4 Nb6 12. b3 Na6 13. Be3 Bc5 14. Nc3 Rd8 15. Rhd1 Be7 16. g4 Nc5 17. Nf3 a5 18. Rab1 Nbd7 19. b4 axb4 20. Rxb4 h5 21. g5 Ne4 22. Nxe4 Bxb4 23. Rb1 Be7 24. Rxb7 O-O 25. g6 fxg6 26. Neg5 Bxg5 27. Nxg5 Nb8 28. Nxe6 Rd7 29. Rxd7 Nxd7 30. Nxf8 Kxf8 31. a4 Ke7 32. a5 Nb8 33. Bc5+ Ke6 34. Ke3 g5 35. Bd6 gxf4+ 36. Kxf4 Nd7 37. a6 Nb6 38. a7 g6 39. c5 Na8 40. Kg5 Kf7 41. h4 Kg7 42. e6 1-0


[Site "https://www.chess.com"]

[Event "Titled Tuesday Blitz April 25 Late 2023"]
[White "Banzea, Alexandru-Bogdan"]
[Black "Holt, Conrad"]
[WhiteFideId "1232622"]
[BlackFideId "2034387"]
[WhiteElo "2294"]
[BlackElo "2592"]
[Result "0-1"]
[Round "06"]
[TimeControl "180+2"]
[Date "2023.04.25"]
[WhiteClock "0:00:10"]
[BlackClock "0:00:59"]

1. d4 d5 2. Nf3 Nf6 3. Bf4 c5 4. e3 Nc6 5. Nbd2 e6 6. c3 Be7 7. Ne5 Nd7 8. h4 Ndxe5 9. dxe5 Bxh4 10. Qg4 g5 11. Rxh4 gxh4 12. Qg7 Kd7 13. Ne4 Qf8 14. Nf6+ Kc7 15. Qg4 d4 16. O-O-O dxc3 17. bxc3 c4 18. Rd6 b5 19. Rxc6+ Kxc6 20. Qf3+ Kc7 21. Qxa8 Qa3+ 22. Kb1 Rd8 23. Be2 Rd2 24. Ne8+ Kd7 25. Nf6+ Kd8 0-1


[Site "https://www.chess.com"]

[Event "Titled Tuesday Blitz April 25 Late 2023"]
[White "Munoz, Francisco Javier"]
[Black "Ghazarian, Kirk"]
[WhiteFideId "128368"]
[BlackFideId "30908604"]
[WhiteElo "2383"]
[BlackElo "2346"]
[Result "0-1"]
[Round "06"]
[TimeControl "180+2"]
[Date "2023.04.25"]
[WhiteClock "0:00:06"]
[BlackClock "0:00:09"]

1. e4 c5 2. Nf3 d6 3. Bb5+ Bd7 4. Bxd7+ Nxd7 5. c4 g6 6. Nc3 Bg7 7. O-O Ngf6 8. d4 cxd4 9. Nxd4 O-O 10. b3 Nc5 11. Re1 Ne6 12. Nxe6 fxe6 13. Bb2 Nd7 14. Qd2 Rc8 15. Nb5 Bxb2 16. Qxb2 a6 17. Nd4 Rf6 18. Rad1 Qb6 19. Kh1 e5 20. Nf3 Rxc4 21. Qd2 Rc6 22. Qd5+ Kg7 23. Re3 Nc5 24. h4 Ne6 25. g3 Rc2 26. Rd2 Rxd2 27. Qxd2 Nc5 28. Kg2 Qc6 29. Qe2 h6 30. Nd2 Rf8 31. Rf3 Rxf3 32. Qxf3 Ne6 33. h5 g5 34. Qf5 Nf8 35. Nc4 e6 36. Qf3 b5 37. Ne3 Nd7 38. Qg4 Kf7 39. Qf3+ Kg7 40. Qg4 Nc5 41. f3 Kf7 42. Kh3 Nd3 43. Kg2 Qc1 44. Nf1 Qc2+ 0-1


[Site "https://www.chess.com"]

[Event "Titled Tuesday Blitz April 25 Late 2023"]
[White "Oro, Faustino"]
[Black "Khandelwal, Ankush"]
[WhiteFideId "20000197"]
[BlackFideId "413470"]
[WhiteElo "1984"]
[BlackElo "2263"]
[Result "1-0"]
[Round "06"]
[TimeControl "180+2"]
[Date "2023.04.25"]
[WhiteClock "0:00:09"]
[BlackClock "0:00:07"]

1. Nf3 Nf6 2. d4 g6 3. b3 Bg7 4. Bb2 O-O 5. Nbd2 d6 6. e3 Nbd7 7. Be2 Re8 8. O-O e5 9. dxe5 Ng4 10. h3 Ngxe5 11. Nxe5 Nxe5 12. Qc1 Qh4 13. Nf3 Qh6 14. Nh2 Bd7 15. c4 Bc6 16. f4 Nd7 17. Ng4 Qh4 18. Bxg7 Kxg7 19. Qc3+ f6 20. Bf3 h5 21. Nh2 Qg3 22. Rae1 Be4 23. Qd4 Bxf3 24. Nxf3 Nc5 25. Qd5 a5 26. Re2 Re7 27. Rfe1 Rae8 28. Qd4 Ne6 29. Qd2 Nc5 30. Nh2 Ne4 31. Qc2 g5 32. Nf1 Qh4 33. fxg5 Nxg5 34. Rf2 Kh6 35. Rd1 Re6 36. Qf5 Rg8 37. Kh1 Rg6 38. Rdd2 Re5 39. Qf4 Re4 40. Qxh4 Rxh4 41. Ng3 Nxh3 42. Nf5+ Kg5 43. gxh3 Rxh3+ 44. Kg2 Rh4 45. Nxh4 Kxh4+ 46. Kh2 Rg4 47. Rf4 f5 48. Rdf2 a4 49. Rxg4+ fxg4 50. Rf7 axb3 51. axb3 c6 52. Rxb7 d5 53. cxd5 cxd5 54. Rd7 g3+ 55. Kg2 Kg4 56. Rxd5 Kh4 57. Rd4+ Kg5 58. Kxg3 h4+ 59. Rxh4 1-0


[Site "https://www.chess.com"]

[Event "Titled Tuesday Blitz April 25 Late 2023"]
[White "Flynn, Jacob"]
[Black "Bilych, Olexiy"]
[WhiteFideId "2509393"]
[BlackFideId "14156504"]
[WhiteElo "2053"]
[BlackElo "2320"]
[Result "0-1"]
[Round "06"]
[TimeControl "180+2"]
[Date "2023.04.25"]
[WhiteClock "0:00:14"]
[BlackClock "0:00:18"]

1. d4 Nf6 2. c4 e6 3. Nc3 d5 4. cxd5 exd5 5. Bg5 c6 6. e3 Be7 7. Qc2 O-O 8. Bd3 h6 9. Bh4 Ne8 10. Bxe7 Qxe7 11. Nf3 Nd6 12. O-O Be6 13. Rab1 a5 14. a3 Nd7 15. b4 axb4 16. axb4 b5 17. Ne5 Nxe5 18. dxe5 Nc4 19. Bxc4 bxc4 20. Ne2 Rab8 21. Nd4 Rfc8 22. Qc3 Rb6 23. f4 Rcb8 24. f5 Bd7 25. Nc2 Re8 26. Qd4 Rbb8 27. e6 fxe6 28. f6 gxf6 29. Qh4 Kg7 30. Rf3 e5 31. Rbf1 Rf8 32. Rg3+ Kh7 33. h3 Ra8 34. Ne1 Ra1 35. Kh2 Rf7 36. Qh5 Rg7 37. Rgf3 Rg6 38. R3f2 Qg7 39. Qh4 c3 40. b5 cxb5 41. Qb4 Rc1 42. Qa3 Rd1 43. Qxc3 d4 44. Qb3 dxe3 45. Qxe3 Bc6 46. Qe2 Rc1 47. Qd2 Rc4 48. Nd3 Rd4 49. Qe3 Rxg2+ 50. Kh1 Rxf2+ 0-1


[Site "https://www.chess.com"]

[Event "Titled Tuesday Blitz April 25 Late 2023"]
[White "Gonzalez Zamora, Juan Carlos"]
[Black "Javakhadze, Zurab"]
[WhiteFideId "3507548"]
[BlackFideId "13603647"]
[WhiteElo "2535"]
[BlackElo "2381"]
[Result "1-0"]
[Round "06"]
[TimeControl "180+2"]
[Date "2023.04.25"]
[WhiteClock "0:00:16"]
[BlackClock "0:00:03"]

1. e4 c5 2. Nf3 d6 3. d4 cxd4 4. Qxd4 a6 5. h3 Nc6 6. Qe3 g6 7. c4 Nf6 8. Nc3 Bg7 9. Be2 O-O 10. O-O Bd7 11. Rd1 Rc8 12. Rb1 Re8 13. b3 Qa5 14. Bb2 Nb8 15. Nd4 Nc6 16. Nf3 Rb8 17. a3 Be6 18. b4 Qc7 19. Rbc1 b6 20. Ba1 Qb7 21. Nd5 Nd7 22. Bxg7 Kxg7 23. Qc3+ f6 24. Ng5 Bg8 25. Nf3 Rbc8 26. Qe3 Nde5 27. h4 Nxf3+ 28. Bxf3 b5 29. c5 Ne5 30. Be2 dxc5 31. bxc5 Nc6 32. h5 Bf7 33. f4 Rcd8 34. Bf3 gxh5 35. e5 Bg6 36. Qc3 fxe5 37. fxe5 Qc8 38. e6+ Kg8 39. Nf4 Rxd1+ 40. Rxd1 Rf8 41. Nxg6 hxg6 42. Qc2 Kg7 43. Qc3+ Rf6 44. Rd7 1-0


[Site "https://www.chess.com"]

[Event "Titled Tuesday Blitz April 25 Late 2023"]
[White "Kushko, Dmitriy"]
[Black "Zeynalli, Rashad"]
[WhiteFideId "14162261"]
[BlackFideId "13403320"]
[WhiteElo "2230"]
[BlackElo "2125"]
[Result "1-0"]
[Round "06"]
[TimeControl "180+2"]
[Date "2023.04.25"]
[WhiteClock "0:00:20"]
[BlackClock "0:00:04"]

1. g3 d5 2. Nf3 Nf6 3. Bg2 e6 4. O-O Be7 5. d3 O-O 6. Bf4 c5 7. e4 Nc6 8. a4 dxe4 9. dxe4 Qxd1 10. Rxd1 Nxe4 11. Ne5 Nxe5 12. Bxe5 Bf6 13. f4 Bxe5 14. fxe5 f5 15. Bxe4 fxe4 16. Nd2 b6 17. Nxe4 Bb7 18. Nd6 Bc6 19. a5 b5 20. Rf1 a6 21. Rxf8+ Rxf8 22. Rf1 g5 23. Rxf8+ Kxf8 24. Kf2 Kg7 25. Ke3 Kg6 26. c3 Kh5 27. h3 Bg2 28. Ne8 Bxh3 29. Nc7 Kg4 30. Kf2 Kf5 31. Nxa6 Kxe5 32. Nxc5 Kd6 33. a6 Kc7 34. a7 1-0


[Site "https://www.chess.com"]

[Event "Titled Tuesday Blitz April 25 Late 2023"]
[White "Chylewski, Patryk"]
[Black "Harshavardhan G B"]
[WhiteFideId "1186191"]
[BlackFideId "25059009"]
[WhiteElo "2163"]
[BlackElo "2323"]
[Result "0-1"]
[Round "06"]
[TimeControl "180+2"]
[Date "2023.04.25"]
[WhiteClock "0:00:22"]
[BlackClock "0:00:25"]

1. e4 e5 2. Nf3 Nc6 3. Bb5 a6 4. Ba4 d6 5. O-O Bg4 6. c3 Qf6 7. d3 Ne7 8. Nbd2 Ng6 9. d4 Nf4 10. Bxc6+ bxc6 11. dxe5 dxe5 12. Nc4 Rd8 13. Bd2 Bh3 14. Ne1 Be6 15. Ne3 Bc5 16. Qc2 O-O 17. Rd1 Bxe3 18. Bxe3 Bc4 19. Bxf4 exf4 20. Nd3 f3 21. g3 Qe6 22. Rfe1 g5 23. Kh1 Qh3 24. Rg1 Rd6 25. Ne5 Qxh2+ 26. Kxh2 Rh6# 0-1


[Site "https://www.chess.com"]

[Event "Titled Tuesday Blitz April 25 Late 2023"]
[White "Ozates, Tuna"]
[Black "Pakleza, Zbigniew"]
[WhiteFideId "6354521"]
[BlackFideId "1119290"]
[WhiteElo "2151"]
[BlackElo "2410"]
[Result "0-1"]
[Round "06"]
[TimeControl "180+2"]
[Date "2023.04.25"]
[WhiteClock "0:00:02"]
[BlackClock "0:00:03"]

1. e4 d6 2. d4 Nf6 3. Nc3 c6 4. f4 Qb6 5. e5 Nd5 6. Nxd5 cxd5 7. c3 Bf5 8. Nf3 e6 9. a4 Nc6 10. b4 Be7 11. a5 Qc7 12. a6 b6 13. Bd2 O-O 14. Bb5 Rac8 15. O-O h6 16. h3 Be4 17. Qe2 f5 18. exf6 Bxf6 19. Bd3 Bxd3 20. Qxd3 Qf7 21. Rae1 Rfe8 22. Nh2 Ne7 23. g4 Qg6 24. Qxg6 Nxg6 25. g5 hxg5 26. fxg5 Bd8 27. Ng4 b5 28. Kg2 Rc6 29. Kg3 Rxa6 30. Ra1 Rxa1 31. Rxa1 Bb6 32. h4 Ne7 33. h5 Nf5+ 34. Kh3 Kf7 35. Rf1 Rh8 36. h6 Kg6 37. Re1 Re8 38. hxg7 Nxg7 39. Nf6 Rh8+ 40. Kg4 Rh2 41. Bf4 Rg2+ 42. Kf3 Rc2 43. Bxd6 Rxc3+ 44. Kg4 Bxd4 45. Be5 Rc4 46. Kf3 Rxb4 47. Ng4 Nf5 48. Bf4 Rb3+ 49. Kg2 Ng7 50. Be5 Bxe5 51. Rxe5 Rb4 52. Kg3 Re4 53. Rxe4 dxe4 54. Kf4 a5 55. Ne5+ Kh5 56. Nc6 a4 57. Nb4 e3 58. Kxe3 Kxg5 59. Kd4 Nf5+ 60. Kc5 a3 61. Kxb5 e5 62. Kc4 e4 63. Nc2 a2 64. Kb3 Nd4+ 65. Nxd4 a1=Q 66. Kc4 Qe1 67. Kd5 Qf1 68. Kxe4 Qe1+ 69. Kd3 Kg4 70. Kc2 Qe4+ 71. Kc3 Kf4 72. Nc2 Ke5 73. Nb4 Qb7 74. Kc4 Qc7+ 75. Kb5 Kd6 76. Na6 Qc6+ 77. Ka5 Qb7 78. Nb4 Kc5 79. Na6+ Kc4 80. Nc5 Qb5# 0-1


[Site "https://www.chess.com"]

[Event "Titled Tuesday Blitz April 25 Late 2023"]
[White "Goltsev, Dmitry"]
[Black "Bustamante Orta, Jorge"]
[WhiteFideId "24176710"]
[BlackFideId "5121710"]
[WhiteElo "2336"]
[BlackElo "2165"]
[Result "1-0"]
[Round "06"]
[TimeControl "180+2"]
[Date "2023.04.25"]
[WhiteClock "0:00:06"]
[BlackClock "0:00:05"]

1. e4 c6 2. d4 d5 3. Nc3 dxe4 4. Nxe4 Nf6 5. Ng3 h5 6. h4 c5 7. dxc5 Qxd1+ 8. Kxd1 e6 9. f3 Bxc5 10. Bd3 Nc6 11. c3 Bd7 12. N1e2 Rd8 13. Bf4 Nd5 14. Bg5 f6 15. Bd2 Ke7 16. Kc2 Ne5 17. Be4 Ba4+ 18. b3 Bc6 19. Nd4 Nb4+ 20. cxb4 Bxd4 21. Bc3 Bxc3 22. Kxc3 Rc8 23. Kb2 Bxe4 24. Nxe4 Nd3+ 25. Ka3 f5 26. Ng5 Rc6 27. b5 Rc5 28. Rad1 Rd8 29. Rhe1 Nxe1 30. Rxd8 Nc2+ 31. Kb2 Ne3 32. Rg8 Kf6 33. Rf8+ Ke5 34. f4+ Kd6 35. Re8 e5 36. fxe5+ Kd7 37. Rg8 Rxe5 38. Rxg7+ Kc8 39. Nf7 Rd5 40. Kc3 a5 41. a4 f4 42. Ng5 Nd1+ 43. Kc2 Ne3+ 44. Kc1 Nxg2 45. Ne6 f3 46. Rc7+ Kb8 47. Rf7 Re5 48. b6 Kc8 49. Rc7+ Kb8 50. Rd7 1-0


[Site "https://www.chess.com"]

[Event "Titled Tuesday Blitz April 25 Late 2023"]
[White "Liu, Eric"]
[Black "Sviridov, Valery"]
[WhiteFideId "30960240"]
[BlackFideId "4120680"]
[WhiteElo "2094"]
[BlackElo "2457"]
[Result "0-1"]
[Round "06"]
[TimeControl "180+2"]
[Date "2023.04.25"]
[WhiteClock "0:01:22"]
[BlackClock "0:01:04"]

1. b3 Nf6 2. Bb2 g6 3. e3 Bg7 4. h4 d5 5. c4 c6 6. Nf3 h6 7. Qc2 Na6 8. a3 Bf5 9. d3 dxc4 10. bxc4 Nc5 11. e4 Bg4 12. Ne5 Bc8 13. Nd2 O-O 14. d4 Ne6 15. Nef3 Qb6 16. Rb1 Qa5 17. Bc3 Qc7 18. e5 Ng4 19. Bd3 Nf4 20. Bf1 Bf5 21. Ne4 c5 22. d5 Nxe5 23. Nfd2 b6 24. g3 Nh5 25. Be2 Nf6 26. f3 Nxe4 27. fxe4 Bd7 28. Kf2 f5 29. Kg2 f4 30. Bxe5 Qxe5 31. g4 Qd6 32. Bf3 Bd4 33. Nb3 e5 34. Qe2 Kg7 35. Nc1 a6 36. g5 hxg5 37. hxg5 Rh8 38. Nb3 Qe7 39. Nxd4 Qxg5+ 40. Kf2 Rxh1 41. Ne6+ Bxe6 42. Rxh1 Qg3+ 43. Kf1 Bh3+ 44. Rxh3 Qxh3+ 45. Bg2 Qxa3 46. Qg4 Qc1+ 47. Kf2 Qe3+ 48. Kf1 Rf8 49. Qe6 Qc1+ 50. Kf2 Qb2+ 51. Kf1 f3 0-1


[Site "https://www.chess.com"]

[Event "Titled Tuesday Blitz April 25 Late 2023"]
[White "Bilan, Danila"]
[Black "Cheparinov, Ivan"]
[WhiteFideId "24161918"]
[BlackFideId "2905540"]
[WhiteElo "2182"]
[BlackElo "2613"]
[Result "0-1"]
[Round "06"]
[TimeControl "180+2"]
[Date "2023.04.25"]
[WhiteClock "0:00:02"]
[BlackClock "0:01:21"]

1. d4 Nf6 2. Nf3 g6 3. Bg5 Bg7 4. c3 O-O 5. Nbd2 d6 6. e4 c5 7. dxc5 dxc5 8. Bc4 Nc6 9. O-O Qc7 10. Qc2 h6 11. Bh4 Nh5 12. Rfe1 Bg4 13. h3 Bxf3 14. Nxf3 g5 15. g4 Nf4 16. Bg3 Nxh3+ 17. Kh2 Nf4 18. e5 Nxe5 19. Nxe5 Bxe5 20. Qf5 Bg7 21. Bxf4 gxf4 22. Bd3 Rfd8 23. Qh7+ Kf8 24. Rad1 e6 25. Kg2 c4 26. Be4 Rxd1 27. Rxd1 Rd8 28. Rxd8+ Qxd8 29. Bxb7 Qb6 30. Bf3 Qxb2 31. Qe4 Qxc3 32. Qa8+ Ke7 33. Qxa7+ Kf6 34. Qc7 Qd4 35. Be2 c3 36. a4 Bf8 37. a5 Bc5 38. Kh3 Qxf2 0-1


[Site "https://www.chess.com"]

[Event "Titled Tuesday Blitz April 25 Late 2023"]
[White "Rastbod, Ali"]
[Black "Ladan, Nicholas"]
[WhiteFideId "12567477"]
[BlackFideId "30918855"]
[WhiteElo "2248"]
[BlackElo "2167"]
[Result "0-1"]
[Round "06"]
[TimeControl "180+2"]
[Date "2023.04.25"]
[WhiteClock "0:00:07"]
[BlackClock "0:01:06"]

1. e4 e5 2. f4 exf4 3. Nf3 Be7 4. d4 Bh4+ 5. Ke2 d5 6. e5 Bg5 7. h4 Bh6 8. Kf2 Bg4 9. Qd3 Ne7 10. Ng5 Bxg5 11. hxg5 Ng6 12. Qb5+ Nd7 13. Qxb7 O-O 14. Qxd5 Qxg5 15. Nc3 Rad8 16. Qe4 Rfe8 17. g3 Bf5 18. Qf3 fxg3+ 19. Qxg3 Qxg3+ 20. Kxg3 Bxc2 21. Bg5 f6 22. Bc4+ Kh8 23. Rxh7+ Kxh7 24. Rh1+ Nh4 25. Bf7 fxg5 26. Nd5 Be4 0-1


[Site "https://www.chess.com"]

[Event "Titled Tuesday Blitz April 25 Late 2023"]
[White "Sabuk, Piotr"]
[Black "Roebers, Eline"]
[WhiteFideId "1137565"]
[BlackFideId "1058401"]
[WhiteElo "2298"]
[BlackElo "2356"]
[Result "0-1"]
[Round "06"]
[TimeControl "180+2"]
[Date "2023.04.25"]
[WhiteClock "0:00:03"]
[BlackClock "0:00:15"]

1. d4 f5 2. Nf3 Nf6 3. c4 g6 4. e3 Bg7 5. b4 O-O 6. Be2 c6 7. O-O d5 8. Qb3 Kh8 9. Nc3 Be6 10. b5 Nbd7 11. Ba3 Bg8 12. Rfc1 Nb6 13. bxc6 bxc6 14. Ne5 dxc4 15. Qc2 Rc8 16. Na4 Nfd5 17. Nxc4 Nxa4 18. Qxa4 f4 19. e4 Nb6 20. Nxb6 axb6 21. e5 Bd5 22. Bg4 Ra8 23. Qb4 f3 24. Qxe7 fxg2 25. Qxd8 Rfxd8 26. Bd6 Bh6 27. Rc2 Ra4 28. Bc7 Rf8 29. Bxb6 Rf4 30. Bd7 Ra6 31. Bc5 Rh4 32. h3 Bg7 33. Be7 Rxd4 34. Rb1 h5 35. Bd6 Re4 36. Rb8+ Kh7 37. e6 Re1+ 38. Kh2 g1=Q# 0-1


[Site "https://www.chess.com"]

[Event "Titled Tuesday Blitz April 25 Late 2023"]
[White "Kavutskiy, Konstantin"]
[Black "Kucuksari, Kaan"]
[WhiteFideId "2026384"]
[BlackFideId "6380166"]
[WhiteElo "2323"]
[BlackElo "2364"]
[Result "1-0"]
[Round "06"]
[TimeControl "180+2"]
[Date "2023.04.25"]
[WhiteClock "0:00:44"]
[BlackClock "0:00:05"]

1. d4 Nf6 2. Bg5 d5 3. Nd2 e6 4. e3 Be7 5. Bd3 b6 6. c3 Bb7 7. Bxf6 Bxf6 8. f4 Nd7 9. Ngf3 Qe7 10. O-O h5 11. Ne5 Nxe5 12. fxe5 Bg5 13. Qe2 h4 14. h3 O-O-O 15. b4 f6 16. Nf3 fxe5 17. Nxe5 Bf6 18. Ng6 Qd6 19. Nxh8 Rxh8 20. e4 e5 21. Rae1 Kb8 22. exd5 Qxd5 23. Be4 Qxe4 24. Qxe4 Bxe4 25. Rxe4 exd4 26. cxd4 Kb7 27. Rd1 Rh5 28. d5 Rf5 29. a4 a6 30. b5 axb5 31. axb5 Rh5 32. Re8 Be5 33. Re7 Bd6 34. Rxg7 Rf5 35. Rh7 Bg3 36. d6 Rc5 37. d7 1-0


[Site "https://www.chess.com"]

[Event "Titled Tuesday Blitz April 25 Late 2023"]
[White "Zwirs, Nico"]
[Black "Ronka, Erik"]
[WhiteFideId "1036432"]
[BlackFideId "505080"]
[WhiteElo "2381"]
[BlackElo "2264"]
[Result "1-0"]
[Round "06"]
[TimeControl "180+2"]
[Date "2023.04.25"]
[WhiteClock "0:00:34"]
[BlackClock "0:00:17"]

1. e4 c5 2. Nf3 b6 3. Nc3 Bb7 4. d4 cxd4 5. Nxd4 a6 6. Bg5 Qc7 7. Qd2 e6 8. a3 d6 9. O-O-O Nf6 10. Bxf6 gxf6 11. Kb1 Nd7 12. f4 Rc8 13. f5 Nc5 14. fxe6 fxe6 15. Bc4 Nxe4 16. Nxe4 Bxe4 17. Bxe6 Rd8 18. Rhe1 d5 19. Qe2 h5 20. Bxd5 Rxd5 21. Qxe4+ Re5 22. Qg6+ Qf7 23. Rxe5+ fxe5 24. Qc6+ Qd7 25. Qa8+ Kf7 26. Qf3+ Kg6 27. Nc6 Qf5 28. Qg3+ Qg5 29. Nxe5+ 1-0


[Site "https://www.chess.com"]

[Event "Titled Tuesday Blitz April 25 Late 2023"]
[White "Koc, Przemyslaw"]
[Black "Nasuta, Grzegorz"]
[WhiteFideId "1109081"]
[BlackFideId "1141686"]
[WhiteElo "2161"]
[BlackElo "2449"]
[Result "0-1"]
[Round "06"]
[TimeControl "180+2"]
[Date "2023.04.25"]
[WhiteClock "0:00:02"]
[BlackClock "0:00:03"]

1. Nf3 d5 2. d4 Nf6 3. e3 Bf5 4. Bd3 Bxd3 5. Qxd3 e6 6. Qb5+ Nbd7 7. Qxb7 Bd6 8. Qb5 O-O 9. O-O c5 10. Qe2 Qb6 11. c3 a5 12. b3 a4 13. dxc5 Nxc5 14. b4 Nce4 15. a3 Rfc8 16. Bb2 h6 17. Nfd2 Rc7 18. f3 Nxd2 19. Nxd2 Rac8 20. Rac1 Be5 21. Nb1 Ne8 22. Kh1 Nd6 23. e4 dxe4 24. fxe4 Nc4 25. Ba1 Qd6 26. Rcd1 Qe7 27. Qh5 Qg5 28. Qxg5 hxg5 29. Rd3 Kf8 30. Rfd1 Ke7 31. Kg1 g6 32. h3 f5 33. Re1 Kf6 34. Kf2 Rc6 35. Rd7 Nd6 36. exf5 gxf5 37. Nd2 Bf4 38. Nf3 Ne4+ 39. Rxe4 fxe4 40. c4+ Kg6 41. Rg7+ Kh6 42. Nd4 Rxc4 43. Nxe6 Rc1 0-1


[Site "https://www.chess.com"]